[ AOE2 MATCH · #507298348 ]
UnrankedEthiopians vs Huns
Player's team · WIN
Rival team · LOSS
[ REPLAY ANALYSIS · EXTRACTED FROM THE RECORDED GAME ]
Feudal
9:16
Castle
21:40
Imperial
—
| APM avg | 81.9 |
| APM peak | 121 |
| eAPM avg | 23.8 |
| Villagers / military | 60 / 37 |
Focus
⚔️ 34.3% · 🌾 65.7%
Archer ×33 · Militia ×4
Feudal
9:05
Castle
21:56
Imperial
—
| APM avg | 47.1 |
| APM peak | 68 |
| eAPM avg | 21.1 |
| Villagers / military | 40 / 31 |
Focus
⚔️ 36.3% · 🌾 63.7%
Archer ×26 · Skirmisher ×3 · Scout Cavalry ×2
Match map
Initial resources + every placement click. Lines = walls · curves = elevation contours. ◆ gold · ⬟ stone · ● berries · ✦ relic · ◌ wall gap
Your base· ✓ Closed at 21:40 · 40t walls · no gate
巨大豚's base· Open — opponent sealed themselves in
Smoothed initial terrain · ◌ = detected wall gap · hover for details
Inputs per minute
— Ds3.Reymon - - 巨大豚
Build order — Ds3.Reymon
First 150 of 180 actions detected
| 0:00 | Queue | Villager (Male) |
| 0:01 | Queue | Villager (Male) |
| 0:02 | Build | House |
| 0:03 | Build | House |
| 0:18 | Queue | Villager (Male) |
| 0:18 | Queue | Villager (Male) |
| 1:25 | Queue | Villager (Male) |
| 1:25 | Queue | Villager (Male) |
| 2:00 | Queue | Villager (Male) |
| 2:00 | Queue | Villager (Male) |
| 2:14 | Queue | Villager (Male) |
| 2:14 | Queue | Villager (Male) |
| 2:26 | Build | Lumber Camp |
| 2:41 | Queue | Villager (Male) |
| 2:55 | Queue | Villager (Male) |
| 2:56 | Queue | Villager (Male) |
| 3:30 | Build | House |
| 3:42 | Queue | Villager (Male) |
| 3:45 | Queue | Villager (Male) |
| 3:46 | Queue | Villager (Male) |
| 3:46 | Queue | Villager (Male) |
| 3:53 | Build | House |
| 4:18 | Queue | Villager (Male) |
| 4:36 | Queue | Villager (Male) |
| 4:36 | Queue | Villager (Male) |
| 4:41 | Queue | Villager (Male) |
| 4:41 | Queue | Villager (Male) |
| 5:18 | Queue | Villager (Male) |
| 5:19 | Queue | Villager (Male) |
| 5:19 | Queue | Villager (Male) |
| 5:31 | Research | Loom |
| 5:57 | Build | Barracks |
| 7:03 | Research | Feudal Age |
| 7:16 | Queue | Militia |
| 7:17 | Queue | Militia |
| 7:28 | Build | Mining Camp |
| 7:34 | Queue | Militia |
| 7:42 | Build | House |
| 7:52 | Queue | Militia |
| 8:48 | Build | Mill |
| 9:14 | Queue | Villager (Male) |
| 9:16 | Age | Feudal Age |
| 9:17 | Research | Man-at-Arms (upgrade) |
| 9:37 | Queue | Villager (Male) |
| 9:39 | Build | Archery Range |
| 10:00 | Queue | Villager (Male) |
| 10:15 | Queue | Villager (Male) |
| 10:23 | Queue | Villager (Male) |
| 10:26 | Build | House |
| 10:31 | Build | Farm |
| 10:32 | Build | Farm |
| 10:34 | Build | Farm |
| 10:38 | Build | Farm |
| 10:46 | Queue | Villager (Male) |
| 10:53 | Research | Double-Bit Axe |
| 11:01 | Build | House |
| 11:04 | Build | Palisade Wall |
| 11:11 | Build | Palisade Wall |
| 11:22 | Queue | Archer |
| 11:24 | Queue | Villager (Male) |
| 11:26 | Build | House |
| 11:27 | Build | Palisade Wall |
| 11:39 | Queue | Villager (Male) |
| 11:51 | Queue | Villager (Male) |
| 11:52 | Queue | Archer |
| 12:04 | Build | House |
| 12:05 | Build | Palisade Wall |
| 12:14 | Queue | Villager (Male) |
| 12:16 | Build | Farm |
| 12:32 | Queue | Archer |
| 12:39 | Build | House |
| 12:48 | Queue | Villager (Male) |
| 12:53 | Build | Farm |
| 12:55 | Build | Farm |
| 13:00 | Queue | Archer |
| 13:21 | Queue | Archer |
| 13:24 | Queue | Villager (Male) |
| 13:32 | Build | Blacksmith |
| 13:38 | Queue | Villager (Male) |
| 13:40 | Build | Farm |
| 13:50 | Queue | Villager (Male) |
| 13:52 | Build | House |
| 13:53 | Build | Palisade Wall |
| 14:09 | Build | Farm |
| 14:10 | Queue | Villager (Male) |
| 14:15 | Research | Fletching |
| 14:20 | Build | Palisade Wall |
| 14:26 | Queue | Archer |
| 14:44 | Queue | Archer |
| 14:46 | Queue | Villager (Male) |
| 14:48 | Build | House |
| 14:52 | Build | House |
| 15:02 | Build | House |
| 15:03 | Queue | Villager (Male) |
| 15:05 | Build | Farm |
| 15:12 | Queue | Archer |
| 15:22 | Build | Farm |
| 15:34 | Build | Farm |
| 15:39 | Build | House |
| 15:46 | Queue | Archer |
| 15:57 | Build | House |
| 16:07 | Queue | Villager (Male) |
| 16:09 | Build | House |
| 16:29 | Build | Lumber Camp |
| 16:32 | Queue | Archer |
| 16:42 | Queue | Villager (Male) |
| 16:54 | Build | Farm |
| 17:01 | Research | Padded Archer Armor |
| 17:20 | Queue | Villager (Male) |
| 17:21 | Build | Market |
| 17:23 | Queue | Archer |
| 17:25 | Queue | Villager (Male) |
| 17:29 | Queue | Villager (Male) |
| 17:52 | Queue | Villager (Male) |
| 17:54 | Queue | Villager (Male) |
| 17:57 | Queue | Villager (Male) |
| 18:08 | Build | Archery Range |
| 18:12 | Queue | Villager (Male) |
| 18:38 | Build | House |
| 18:46 | Research | Castle Age |
| 18:46 | Research | Castle Age |
| 18:50 | Queue | Archer |
| 19:01 | Build | House |
| 19:07 | Queue | Archer |
| 19:10 | Research | Gold Mining |
| 19:10 | Research | Gold Mining |
| 19:21 | Queue | Archer |
| 19:43 | Queue | Archer |
| 19:44 | Queue | Archer |
| 19:50 | Research | Horse Collar |
| 19:52 | Build | Farm |
| 19:52 | Build | Farm |
| 19:52 | Build | Farm |
| 19:52 | Build | Farm |
| 19:52 | Build | Farm |
| 19:58 | Queue | Archer |
| 19:58 | Queue | Archer |
| 20:06 | Queue | Villager (Male) |
| 20:08 | Build | Farm |
| 20:08 | Build | Farm |
| 20:18 | Queue | Archer |
| 20:18 | Queue | Archer |
| 20:34 | Queue | Archer |
| 20:53 | Queue | Archer |
| 20:53 | Queue | Archer |
| 21:03 | Build | Farm |
| 21:03 | Build | Farm |
| 21:40 | Age | Castle Age |
| 21:40 | Research | Crossbowman (upgrade) |
| 21:41 | Research | Crossbowman (upgrade) |
Build order — 巨大豚
127 actions detected in the replay
| 0:07 | Queue | Villager (Male) |
| 0:12 | Queue | Villager (Male) |
| 0:23 | Queue | Villager (Male) |
| 0:30 | Queue | Villager (Male) |
| 1:13 | Queue | Villager (Male) |
| 1:32 | Build | Lumber Camp |
| 2:03 | Queue | Villager (Male) |
| 2:38 | Queue | Villager (Male) |
| 2:53 | Queue | Villager (Male) |
| 3:11 | Queue | Villager (Male) |
| 3:46 | Queue | Villager (Male) |
| 4:12 | Queue | Villager (Male) |
| 4:39 | Queue | Villager (Male) |
| 4:55 | Build | Mining Camp |
| 4:59 | Queue | Villager (Male) |
| 5:13 | Queue | Villager (Male) |
| 5:18 | Queue | Villager (Male) |
| 5:59 | Queue | Villager (Male) |
| 6:26 | Research | Loom |
| 6:55 | Research | Feudal Age |
| 6:55 | Research | Feudal Age |
| 7:24 | Build | Palisade Wall |
| 7:28 | Build | Palisade Wall |
| 7:31 | Build | Palisade Wall |
| 7:54 | Build | Palisade Wall |
| 8:07 | Build | Palisade Wall |
| 8:08 | Build | Palisade Wall |
| 8:17 | Build | Barracks |
| 9:05 | Age | Feudal Age |
| 9:09 | Queue | Villager (Male) |
| 9:15 | Build | Archery Range |
| 9:18 | Research | Town Watch |
| 9:33 | Research | Double-Bit Axe |
| 9:48 | Build | Mill |
| 9:53 | Build | Palisade Wall |
| 10:13 | Queue | Archer |
| 10:18 | Build | Farm |
| 10:35 | Build | Blacksmith |
| 10:38 | Build | Stone Wall |
| 10:46 | Queue | Archer |
| 10:53 | Queue | Villager (Male) |
| 10:53 | Queue | Villager (Male) |
| 10:53 | Queue | Villager (Male) |
| 11:09 | Queue | Archer |
| 11:20 | Queue | Villager (Male) |
| 11:20 | Queue | Villager (Male) |
| 11:22 | Build | Farm |
| 11:33 | Queue | Archer |
| 11:52 | Queue | Villager (Male) |
| 12:00 | Build | Farm |
| 12:01 | Build | Farm |
| 12:06 | Queue | Archer |
| 12:25 | Build | Farm |
| 12:35 | Research | Fletching |
| 12:36 | Research | Fletching |
| 12:45 | Queue | Archer |
| 13:00 | Build | Stable |
| 13:07 | Queue | Villager (Male) |
| 13:08 | Queue | Archer |
| 13:33 | Queue | Villager (Male) |
| 13:40 | Build | Farm |
| 13:59 | Queue | Villager (Male) |
| 14:01 | Build | Farm |
| 14:04 | Queue | Archer |
| 14:18 | Queue | Villager (Male) |
| 14:25 | Build | Farm |
| 14:30 | Queue | Scout Cavalry |
| 14:49 | Build | Farm |
| 14:53 | Queue | Villager (Male) |
| 15:04 | Queue | Archer |
| 15:06 | Queue | Scout Cavalry |
| 15:15 | Build | Farm |
| 15:18 | Queue | Villager (Male) |
| 15:27 | Queue | Archer |
| 15:29 | Queue | Skirmisher |
| 15:31 | Build | Palisade Wall |
| 15:46 | Queue | Skirmisher |
| 15:53 | Queue | Villager (Male) |
| 16:06 | Queue | Skirmisher |
| 16:11 | Queue | Villager (Male) |
| 16:39 | Queue | Villager (Male) |
| 16:40 | Build | Farm |
| 16:41 | Build | Farm |
| 16:42 | Build | Farm |
| 16:44 | Queue | Archer |
| 16:54 | Build | Farm |
| 16:58 | Queue | Villager (Male) |
| 17:25 | Queue | Villager (Male) |
| 17:27 | Queue | Archer |
| 17:37 | Build | Lumber Camp |
| 17:46 | Build | Farm |
| 17:53 | Queue | Villager (Male) |
| 18:05 | Queue | Villager (Male) |
| 18:07 | Build | Farm |
| 18:59 | Queue | Archer |
| 19:16 | Research | Castle Age |
| 19:24 | Build | Archery Range |
| 19:28 | Queue | Archer |
| 19:28 | Queue | Archer |
| 19:41 | Research | Padded Archer Armor |
| 19:50 | Research | Horse Collar |
| 19:50 | Research | Horse Collar |
| 20:02 | Queue | Archer |
| 20:38 | Queue | Archer |
| 21:08 | Research | Gold Mining |
| 21:09 | Research | Gold Mining |
| 21:10 | Research | Wheelbarrow |
| 21:10 | Research | Wheelbarrow |
| 21:25 | Queue | Archer |
| 21:26 | Queue | Archer |
| 21:56 | Age | Castle Age |
| 22:05 | Build | Market |
| 22:08 | Queue | Villager (Male) |
| 22:43 | Research | Bodkin Arrow |
| 22:43 | Research | Bodkin Arrow |
| 22:48 | Research | Crossbowman (upgrade) |
| 22:49 | Queue | Villager (Male) |
| 23:16 | Build | University |
| 23:19 | Queue | Archer |
| 23:31 | Queue | Archer |
| 23:31 | Queue | Archer |
| 23:53 | Queue | Archer |
| 23:54 | Queue | Archer |
| 24:05 | Queue | Archer |
| 24:05 | Queue | Archer |
| 24:06 | Queue | Villager (Male) |
| 24:29 | Queue | Villager (Male) |
Match timeline
| 5:57 | Ds3.Reymon · first_building Barracks |
| 7:24 | 巨大豚 · wall_segment Palisade Wall x1 |
| 7:28 | 巨大豚 · wall_segment Palisade Wall x1 |
| 7:31 | 巨大豚 · wall_segment Palisade Wall x1 |
| 7:54 | 巨大豚 · wall_segment Palisade Wall x5 |
| 8:07 | 巨大豚 · wall_segment Palisade Wall x6 |
| 8:08 | 巨大豚 · wall_segment Palisade Wall x1 |
| 8:17 | 巨大豚 · first_building Barracks |
| 9:05 | 巨大豚 · age_up feudal |
| 9:15 | 巨大豚 · first_building Archery Range |
| 9:16 | Ds3.Reymon · age_up feudal |
| 9:39 | Ds3.Reymon · first_building Archery Range |
| 9:53 | 巨大豚 · wall_segment Palisade Wall x1 |
| 10:38 | 巨大豚 · wall_segment Stone Wall x1 |
| 11:04 | Ds3.Reymon · wall_segment Palisade Wall x4 |
| 11:11 | Ds3.Reymon · wall_segment Palisade Wall x23 |
| 11:27 | Ds3.Reymon · wall_segment Palisade Wall x5 |
| 12:05 | Ds3.Reymon · wall_segment Palisade Wall x1 |
| 13:00 | 巨大豚 · first_building Stable |
| 13:53 | Ds3.Reymon · wall_segment Palisade Wall x2 |
| 14:20 | Ds3.Reymon · wall_segment Palisade Wall x6 |
| 15:31 | 巨大豚 · wall_segment Palisade Wall x1 |
| 18:41 | Ds3.Reymon · first_market_sell 100 wood |
| 18:42 | Ds3.Reymon · first_market_buy 100 food |
| 21:40 | Ds3.Reymon · age_up castle |
| 21:56 | 巨大豚 · age_up castle |
| 22:42 | 巨大豚 · first_market_sell 100 food |
| 23:04 | Ds3.Reymon · wall_segment Palisade Wall x2 |
| 24:37 | 巨大豚 · resign |
[ AI ANALYSIS · 1 CREDIT ]
What really happened in this match?
Wolo.gg analyzes every decision: build order, eco, micro, common mistakes by bracket. Personalized analysis on WhatsApp or Discord in 30 seconds.
Civ guide
Ethiopians
Perfil
Jugador #2212194